cohdb
Replays
Latest Replays
All Replays
Popular Replays
Top Player Replays
Match Explorer
How It Works
Community
CoH3 Stats
Reddit
Sign in to upload your games and track your stats! →
Sign in with Steam
Match 19944556
Unlisted
Match 19944556
Overview
Messages
Build Orders
End
Kradschützen Motorcycle Team
Panzergrenadier Squad
Panzergrenadier Squad
Construct Light Support Kompanie
MG34 Team
Selects Italian Infantry
Fire Support Elements
Selects Guastatori Squad
Guastatori Squad
Construct Panzerarmee Kommand
Panzerjäger Mechanized Group
Selects Defensive Operations
Panzer III L Medium Tank
Guastatori Squad
2.5-tonne Medical Truck
Saueee
MonoChrome
0
0
Comments
sign in to comment!
No comments posted yet!